 Dungeon Crawl Stone Soup version 0.32-a0-861-g165e151e72 (webtiles) character file.

Game seed: 18095460248402249861

60750 Ajdolov the Destroyer (level 15, -16/126 HPs)
             Began as a Ghoul Earth Elementalist on Mar 28, 2024.
             Was a High Priest of Vehumet.
             Hit by a large rock thrown by a stone giant (39 damage)
             ... on level 2 of the Orcish Mines.
             The game lasted 01:06:26 (23901 turns).

Ajdolov the Destroyer (Ghoul Earth Elementalist)   Turns: 23901, Time: 01:06:27

Health: -16/126    AC: 15    Str: 17    XL:     15   Next: 0%
Magic:  21/30      EV: 15    Int: 20    God:    Vehumet [*****.]
Gold:   672        SH:  0    Dex:  6    Spells: 8/36 levels left

rFire   . . .        P - +7 spear of the Nurturing Priest {venom, rElec rPois Str+3 Dex-3}
rCold   + . .        (no shield)
rNeg    + + +        C - +0 steam dragon scales
rPois   ∞            I - +2 helmet
rElec   +            U - +2 cloak {Will+}
rCorr   .            l - +0 pair of gloves
SInv    .            J - +0 pair of boots of Past Mistakes {Stlth+}
Will    ++...        S - amulet of magic regeneration
Stlth   ++           u - +5 ring of evasion
HPRegen 0.00/turn    H - ring of wizardry
MPRegen 0.62/turn

%: wizardry (x1)
@: inhibited regen
A: claws 1, cold resistance 1, negative energy resistance 3, inhibited
regeneration, torment resistance 2, devour on kill
a: Renounce Religion


You were on level 2 of the Orcish Mines.
You worshipped Vehumet.
Vehumet was extremely pleased with you.
You visited 4 branches of the dungeon, and saw 18 of its levels.

You collected 1392 gold pieces.
You spent 720 gold pieces at shops.

Inventory:

Hand Weapons
 P - the +7 spear of the Nurturing Priest (weapon) {venom, rElec rPois Str+3 Dex-3}
   (You found it on level 3 of the Lair of Beasts)

   Str+3:     It affects your strength (+3).
   Dex-3:     It affects your dexterity (-3).
   rElec:     It insulates you from electricity.
   rPois:     It protects you from poison.
Missiles
 y - 21 curare-tipped darts
Armour
 l - a +0 pair of gloves (worn)
 C - +0 steam dragon scales (worn)
 I - a +2 helmet (worn)
 J - the +0 pair of boots of Past Mistakes (worn) {Stlth+}
   (You bought it in a shop on level 1 of the Dungeon)

   Stlth+:    It makes you more stealthy.
 U - a +2 cloak of willpower (worn)
Magical Staves
 s - a staff of air
 G - a staff of cold
Jewellery
 u - a +5 ring of evasion (left hand)
 w - a ring of protection from cold
 E - a ring of flight
 H - a ring of wizardry (right hand)
 S - an amulet of magic regeneration (around neck)
Wands
 p - a wand of flame (73)
 v - a wand of iceblast (8)
 A - a wand of paralysis (4)
 B - a wand of quicksilver (1)
 T - a wand of polymorph (9)
Scrolls
 a - 3 scrolls of poison
 c - 10 scrolls of teleportation
 e - 2 scrolls of revelation
 h - 5 scrolls of fog
 m - 3 scrolls of noise
 n - 3 scrolls of vulnerability
 o - 5 scrolls of amnesia
 q - a scroll of fear {unknown}
 r - a scroll of acquirement {unknown}
 t - 2 scrolls of immolation {unknown}
 D - a scroll of enchant armour
 K - 3 scrolls of silence
 L - a scroll of brand weapon {unknown}
 M - a scroll of torment {unknown}
 Q - 3 scrolls of enchant weapon
 V - a scroll of blinking
Potions
 b - a potion of magic
 d - 5 potions of brilliance
 f - 3 potions of enlightenment {unknown}
 g - a potion of resistance {unknown}
 i - 2 potions of curing {unknown}
 j - 2 potions of haste
 k - a potion of berserk rage {unknown}
 x - a potion of lignification {unknown}
 z - 2 potions of might {unknown}
 F - a potion of ambrosia {unknown}
 N - 2 potions of heal wounds
 O - a potion of cancellation {unknown}
Miscellaneous
 R - a lightning rod (4/4)


   Skills:
 - Level 10.1 Fighting
 - Level 5.0 Armour
 - Level 1.7 Dodging
 - Level 2.1 Stealth
 + Level 11.0 Spellcasting
 * Level 12.0 Conjurations
 - Level 5.0 Fire Magic
 - Level 10.0 Earth Magic
 - Level 8.0 Alchemy
 - Level 5.0 Evocations


You had 8 spell levels left.
You knew the following spells:

 Your Spells              Type           Power      Damage    Failure   Level
a - Sandblast             Erth           100%       2d20      1%          1
b - Stone Arrow           Conj/Erth      100%       3d13      1%          3
c - Brom's Barrelling Bo  Conj/Erth      53%        2d7       1%          4
d - Olgreb's Toxic Radia  Alch           43%        N/A       1%          4
e - Lee's Rapid Deconstr  Erth           25%        3d14*     1%          5
f - Ignite Poison         Fire/Alch      37%        N/A       1%          4
g - Orb of Destruction    Conj           28%        9d9       4%          7

Your spell library contained the following spells:

 Spells                   Type           Power      Damage    Failure   Level
 Freeze                   Ice            44%        1d6       1%          1
 Magic Dart               Conj           100%       1d8       1%          1
 Sting                    Conj/Alch      100%       1d9       1%          1
 Mercury Vapours          Alch/Air       54%        N/A       1%          2
 Dazzling Flash           Conj/Hex       70%        N/A       1%          3
 Hailstorm                Conj/Ice       35%        3d8       1%          3
 Mephitic Cloud           Conj/Alch/Air  37%        N/A       1%          3
 Passwall                 Erth           50%        N/A       1%          3
 Petrify                  Alch/Erth      47%        N/A       1%          4
 Fireball                 Conj/Fire      22%        3d10      1%          5
 Slow                     Hex            44%        N/A       2%          1
 Frozen Ramparts          Ice            22%        1d4       2%          3
 Animate Armour           Summ/Erth      62%        N/A       3%          4
 Blink                    Tloc           22%        N/A       4%          2
 Call Imp                 Summ           22%        N/A       4%          2
 Confusing Touch          Hex            11%        N/A       8%          3
 Vampiric Draining        Necr           11%        2d6       8%          3
 Cause Fear               Hex            5%         N/A       24%         4
 Summon Lightning Spire   Summ/Air       11%        N/A       24%         4
 Curse of Agony           Necr           11%        N/A       52%         5
 Silence                  Hex/Air        5%         N/A       52%         5
 Dragon's Call            Summ           5%         N/A       100%        9


Dungeon Overview and Level Annotations

Branches:
Dungeon (11/15)            Temple (1/1) D:5            Lair (4/5) D:11
  Swamp (0/4) Lair:2        Snake (0/4) Lair:3        Slime (0/5) Lair:4
    Orc (2/2) D:11            Elf (0/3) Orc:2

Altars:
Ashenzari
Cheibriados
Dithmenos
Fedhas
Gozag
Hepliaklqana
Kikubaaqudgha
Makhleb
Nemelex Xobeh
Okawaru
Qazlal
Ru
Sif Muna
Trog
Uskayaw
Vehumet
Wu Jian
Xom
Yredelemnul
Beogh
Jiyva

Shops:
D:1 [   Orc:1 :!   Orc:2 [?((

Annotations:
D:2 1 runed translucent door, Crazy Yiuf, Terence
D:7 2 transporters, Grum; Villent's ghost, novice MiFi
Lair:2 3 runed translucent doors, crabbyslav's ghost, journeyman KoEn


Innate Abilities, Weirdness & Mutations

You are immune to poison.
You have sharp fingernails.
Your flesh is cold resistant. (rC+)
You are immune to negative energy. (rN+++)
You do not regenerate when monsters are visible.
You are immune to unholy pain and torment.
You thrive by killing the living.


Message History

The orc sorcerer seems to burn from within!!
You kill the orc sorcerer!
Vehumet accepts your kill.
You feel your power returning.
Your Conjurations skill increases to level 12!
You have reached level 15!
Your experience leads to an increase in your attributes!
Your base attributes are Str 13, Int 18, Dex 9.
Increase (S)trength, (I)ntelligence, or (D)exterity?
You feel clever. x2; You feel stronger.
Casting: Ignite Poison (mildly dangerous; 1% risk of failure)
Confirm with . or Enter, or press ? or * to list all spells.
You ignite the poison in your surroundings!
The stone giant seems to burn from within!!
The stone giant is heavily wounded.
The orc knight seems to burn from within!!!
The orc knight is severely wounded.
The stone giant throws a large rock.
The large rock hits you!!!
The orc knight roars a battlecry!
You close the door.
A stone giant breaks down the door.
There is an open door here.
Things that are here:
a +0 hand axe; an orc corpse
Casting: Ignite Poison (mildly dangerous; 1% risk of failure)
Confirm with . or Enter, or press ? or * to list all spells.
You begin to radiate toxic energy.
The stone giant is poisoned.
The orc knight is poisoned.
The stone giant looks even sicker.
Unknown command.
The stone giant looks even sicker.
Your toxic aura wanes.
The stone giant throws a large rock.
The large rock hits you!!!
* * * LOW HITPOINT WARNING * * *
Casting: Olgreb's Toxic Radiance (safe; 1% risk of failure)
Confirm with . or Enter, or press ? or * to list all spells.
You ignite the poison in your surroundings!
The stone giant seems to burn from within!!!
The stone giant is almost dead.
The stone giant throws a large rock.
The large rock hits you!!!
You die...

#))#...# #....#....
##.###########....#..#.
#.))..#..)'............
#...))#...#.#.)[...#...
#..#..#).####..)#.#.#.#
#..#.)...###...[......#
###..#...).##....#..#....
########'###.....#....I#.
########@###.....#....#∩.
########)###.....#.....∩.
##∩..##...###...##.......
#..........##...#..#..#..
#_.........##...#..#.....
#..........#....##..#.I∩.
##∩..##...##.....#.....∩)
########C###.....#.##.#..
#######.o.###....#...#...


You could see a stone giant.

Vanquished Creatures
  Gastronok (Lair:2)
  An orc warlord (Orc:2)
  An eleionoma (Lair:2)
  Azrael (Orc:1)
  An ettin (Orc:2)
  Josephine (Lair:3)
  6 two-headed ogres
  An orc high priest (Orc:2)
  A skyshark (Lair:3)
  Nergalle (Lair:2)
  Amaemon (Lair:2)
  5 skeletal warriors (D:11)
  7 orc knights
  2 manticores (D:11)
  A salamander (Lair:3)
  3 orc sorcerers
  Maurice (Orc:1)
  2 cyclopes (Orc:2)
  7 kobold blastminers
  18 elephants
  3 black mambas
  An orange demon (Lair:2)
  2 kobold demonologists (D:11)
  7 cane toads
  6 komodo dragons
  A polar bear (Lair:3)
  9 trolls
  9 saltlings
  25 blink frogs
  5 dream sheep (Lair:4)
  2 shadows
  3 spriggans (Lair:3)
  24 yaks
  7 wraiths
  3 basilisks
  A warg (Orc:2)
  6 wyverns
  A fire elemental (Orc:1)
  A vampire mosquito (D:8)
  2 steam dragons (D:7)
  A naga (Lair:3)
  14 water moccasins
  4 hell hounds (Orc:2)
  30 orc warriors
  4 acid dragons
  A swamp drake (D:11)
  An ice beast (D:6)
  A sky beast (D:7)
  8 ogres
  A black bear (Lair:1)
  8 wolves
  2 centaurs (D:9)
  8 kobold brigands
  15 bullfrogs
  4 scorpions
  A water moccasin zombie (D:4)
  A burial acolyte (D:9)
  4 wights (D:9)
  8 killer bees
  6 howler monkeys
  2 crimson imps (D:10)
  A bullfrog zombie (D:4)
  4 hounds
  A jelly (D:4)
  2 bombardier beetles
  14 orc priests
  A gnoll bouda (D:4)
  A scorpion zombie (D:4)
  Jessica (D:3)
  An iguana (D:4)
  13 orc wizards
  6 hell rats (Lair:1)
  11 gnolls
  A howler monkey skeleton (D:4)
  8 adders
  A shadow imp (D:6)
  4 white imps
  2 ufetubi (D:6)
  5 adder zombies
  An adder skeleton (D:4)
  5 ribbon worms
  3 dart slugs
  69 orcs
  9 ball pythons
  10 endoplasms
  4 giant cockroaches
  9 goblins
  8 hobgoblins
  3 jackals (D:2)
  2 quokkas
  3 bats
  5 frilled lizards
  2 jackal zombies (D:9)
  35 kobolds
  4 rats
553 creatures vanquished.

Vanquished Creatures (others)
  An orc warrior (Orc:1)
1 creature vanquished.

Grand Total: 554 creatures vanquished

Notes
Turn   | Place    | Note
-------+----------+-------------------------------------------
     0 | D:1      | Ajdolov the Ghoul Earth Elementalist began the quest for
                  | the Orb.
     0 | D:1      | Reached XP level 1. HP: 14/14 MP: 3/3
   127 | D:1      | Reached XP level 2. HP: 20/20 MP: 0/5
   155 | D:1      | Found Etuh's Antique Armour Shop.
   170 | D:1      | HP: 1/20 [ball python (1)]
   474 | D:1      | Reached XP level 3. HP: 26/26 MP: 4/6
   838 | D:2      | Found a hide-covered altar of Uskayaw.
   919 | D:2      | Noticed Terence
  1034 | D:2      | Found a runed translucent door.
  1035 | D:2      | Noticed Crazy Yiuf
  1322 | D:2      | Reached XP level 4. HP: 28/33 MP: 2/7
  1694 | D:2      | Reached skill level 5 in Earth Magic
  2007 | D:3      | Noticed Jessica
  2024 | D:3      | Killed Jessica
  2025 | D:3      | Reached XP level 5. HP: 38/38 MP: 6/9
  2090 | D:3      | Found a burning altar of Makhleb.
  2103 | D:3      | Found a sacrificial altar of Ru.
  2776 | D:3      | Learned a level 3 spell: Stone Arrow
  3120 | D:3      | Reached skill level 1 in Conjurations
  3282 | D:3      | Reached XP level 6. HP: 45/45 MP: 6/10
  3382 | D:4      | Reached skill level 2 in Conjurations
  3643 | D:4      | Reached skill level 3 in Conjurations
  3733 | D:4      | Reached XP level 7. HP: 41/50 MP: 6/11
  4692 | D:4      | Reached skill level 4 in Conjurations
  4981 | D:5      | Entered Level 5 of the Dungeon
  5179 | D:5      | Reached XP level 8. HP: 57/57 MP: 9/12
  5204 | D:5      | Reached skill level 5 in Conjurations
  5363 | D:5      | Found a staircase to the Ecumenical Temple.
  5369 | Temple   | Entered the Ecumenical Temple
  5410 | Temple   | Became a worshipper of Vehumet
  6261 | D:6      | Reached skill level 6 in Conjurations
  6339 | D:6      | Paralysed by a gnoll for 5 turns
  6608 | D:6      | Reached XP level 9. HP: 48/62 MP: 8/13
  6745 | D:6      | Identified the +1 pair of gloves "Alompox" {rPois rN+ rCorr
                  | Str-4}
  6942 | D:7      | Reached skill level 7 in Conjurations
  7017 | D:7      | Identified the +1 ring mail "Monus" {+Blink rElec rF- SInv}
  7018 | D:7      | Found a transporter.
  7080 | D:7      | Noticed Grum
  7259 | D:7      | Reached * piety under Vehumet
  7259 | D:7      | Offered knowledge of Kiss of Death by Vehumet.
  7265 | D:7      | Learned a level 4 spell: Brom's Barrelling Boulder
  7445 | D:7      | Identified the ring of Greed {^Drain rElec rPois rN+}
  7469 | D:7      | Found a transporter.
  7568 | D:7      | Noticed Villent's ghost (novice MiFi)
  7866 | D:8      | Noticed a two-headed ogre
  7905 | D:8      | Killed a two-headed ogre
  7906 | D:8      | Reached skill level 8 in Conjurations
  8141 | D:8      | Reached skill level 10 in Earth Magic
  8141 | D:8      | Reached XP level 10. HP: 69/69 MP: 0/14
  8259 | D:8      | Reached skill level 1 in Fighting
  8259 | D:8      | Reached skill level 9 in Conjurations
  8613 | D:8      | Reached skill level 1 in Alchemy
  9201 | D:8      | Offered knowledge of Scorch by Vehumet.
  9205 | D:8      | Reached ** piety under Vehumet
  9839 | D:1      | Bought a glowing helmet for 165 gold pieces
  9839 | D:1      | Bought a pair of jewelled boots for 209 gold pieces
  9839 | D:1      | Identified the +0 pair of boots of Past Mistakes {Stlth+}
                  | (You bought it in a shop on level 1 of the Dungeon)
  9854 | D:1      | Learned a level 4 spell: Olgreb's Toxic Radiance
 10200 | D:9      | Noticed a two-headed ogre
 10221 | D:9      | Killed a two-headed ogre
 10774 | D:9      | Found a blossoming altar of Fedhas.
 11046 | D:9      | Found a snail-covered altar of Cheibriados.
 11508 | D:9      | Found an ancient bone altar of Kikubaaqudgha.
 11570 | D:9      | Reached skill level 5 in Alchemy
 11570 | D:9      | Reached XP level 11. HP: 85/85 MP: 11/15
 11663 | D:9      | Reached skill level 5 in Fighting
 11695 | D:9      | Reached skill level 10 in Conjurations
 12152 | D:10     | Entered Level 10 of the Dungeon
 12183 | D:10     | Offered knowledge of Frozen Ramparts by Vehumet.
 12362 | D:10     | Found a hazy altar of Hepliaklqana.
 12362 | D:10     | Found a stormy altar of Qazlal.
 12623 | D:10     | Learned a level 5 spell: Lee's Rapid Deconstruction
 12705 | D:10     | Reached *** piety under Vehumet
 12878 | D:10     | Noticed a two-headed ogre
 12886 | D:10     | Killed a two-headed ogre
 13712 | D:11     | Reached skill level 5 in Spellcasting
 13842 | D:11     | Noticed a manticore
 13924 | D:11     | Killed a manticore
 14192 | D:11     | Found a staircase to the Lair.
 14252 | D:11     | Found a hide-covered altar of Uskayaw.
 14378 | D:11     | Noticed a manticore
 14387 | D:11     | Killed a manticore
 14582 | D:11     | Offered knowledge of Flame Wave by Vehumet.
 14767 | D:11     | Found a staircase to the Orcish Mines.
 14781 | D:11     | Noticed a two-headed ogre
 14786 | D:11     | Killed a two-headed ogre
 14813 | D:11     | Reached XP level 12. HP: 97/97 MP: 13/21
 15851 | D:11     | Reached skill level 1 in Evocations
 16197 | Lair:1   | Entered Level 1 of the Lair of Beasts
 16419 | Lair:1   | Reached **** piety under Vehumet
 16687 | Lair:1   | Offered knowledge of Ignite Poison by Vehumet.
 16693 | Lair:1   | Learned a level 4 spell: Ignite Poison
 17266 | Lair:2   | Found a staircase to the Swamp.
 17266 | Lair:2   | Noticed an eleionoma
 17411 | Lair:2   | Noticed Gastronok
 17449 | Lair:2   | Reached XP level 13. HP: 111/111 MP: 25/25
 17471 | Lair:2   | Found a runed translucent gate.
 17471 | Lair:2   | Found a runed translucent gate.
 17472 | Lair:2   | Found a runed translucent gate.
 17486 | Lair:2   | Noticed crabbyslav's ghost (journeyman KoEn)
 17487 | Lair:2   | Noticed Amaemon
 17497 | Lair:2   | Killed Amaemon
 17655 | Lair:2   | Noticed Nergalle
 17666 | Lair:2   | Killed Nergalle
 18130 | Lair:2   | Killed Gastronok
 18131 | Lair:2   | Reached skill level 5 in Evocations
 18432 | Lair:2   | Killed an eleionoma
 18433 | Lair:2   | Reached skill level 10 in Fighting
 18549 | Lair:3   | Reached skill level 1 in Fire Magic
 18676 | Lair:3   | Noticed Josephine
 18733 | Lair:3   | Reached skill level 10 in Spellcasting
 18747 | Lair:3   | Killed Josephine
 18837 | Lair:3   | Reached ***** piety under Vehumet
 18838 | Lair:3   | Reached skill level 1 in Armour
 18878 | Lair:3   | Identified the +7 spear of the Nurturing Priest {venom,
                  | rElec rPois Str+3 Dex-3}
 18905 | Lair:3   | Offered knowledge of Sticky Flame by Vehumet.
 19183 | Lair:3   | Found a staircase to the Snake Pit.
 19979 | Lair:4   | Reached XP level 14. HP: 119/121 MP: 28/28
 20044 | Lair:4   | Reached skill level 5 in Fire Magic
 20179 | Lair:4   | Found a viscous altar of Jiyva.
 20180 | Lair:4   | Found a staircase to the Slime Pits.
 20274 | Lair:4   | Reached skill level 5 in Armour
 21014 | Orc:1    | Entered Level 1 of the Orcish Mines
 21014 | Orc:1    | Noticed Maurice
 21020 | Orc:1    | Maurice stole 472 gold
 21021 | Orc:1    | Killed Maurice
 21101 | Orc:2    | Entered Level 2 of the Orcish Mines
 21289 | Orc:2    | Offered knowledge of Orb of Destruction by Vehumet.
 21298 | Orc:2    | Learned a level 7 spell: Orb of Destruction
 21497 | Orc:2    | Found Mihaguh's Weapon Shoppe.
 21497 | Orc:2    | Noticed Azrael
 21716 | Orc:1    | Found Mefas's Distillery.
 21724 | Orc:1    | Bought a potion of heal wounds for 60 gold pieces
 21724 | Orc:1    | Bought 2 potions of brilliance for 96 gold pieces
 21745 | Orc:1    | Reached skill level 11 in Conjurations
 21939 | Orc:1    | Found a roughly hewn altar of Beogh.
 21968 | Orc:1    | Found a roughly hewn altar of Beogh.
 22037 | Orc:1    | Found Edauc's Self-Improvement Boutique.
 22095 | Orc:1    | Killed Azrael
 22710 | Orc:2    | Found a staircase to the Elven Halls.
 22766 | Orc:2    | Bought 2 curare-tipped darts for 33 gold pieces
 23421 | Orc:2    | Noticed an orc warlord
 23454 | Orc:2    | Killed an orc warlord
 23845 | Orc:2    | Found Niqyutz's Weapon Shoppe.
 23863 | Orc:2    | Found Goef's Magic Scroll Boutique.
 23864 | Orc:2    | Found a roughly hewn altar of Beogh.
 23865 | Orc:2    | Found Geon's Antique Armour Boutique.
 23874 | Orc:2    | Bought a scroll of blinking for 112 gold pieces
 23874 | Orc:2    | Bought a scroll of teleportation for 45 gold pieces
 23884 | Orc:2    | Noticed a stone giant
 23891 | Orc:2    | Reached skill level 12 in Conjurations
 23891 | Orc:2    | Reached XP level 15. HP: 105/126 MP: 26/30
 23901 | Orc:2    | Hit by a large rock thrown by a stone giant

Illustrated notes

Levels and vault maps discovered:
D:1:      ebering_hopf_link, layout_rooms, serial_shops, nicolae_shop_waterfront
D:2:      layout_basic, basic_altar, uniq_crazy_yiuf_cottage, uniq_terence
D:3:      layout_rooms, minitemple, kennysheep_generic_room_16, uniq_jessica
D:4:      layout_loops_corners, serial_undead, serial_undead_c, serial_undead_a,
          serial_undead_d, serial_undead_c, nicolae_figureground_pulse
D:5:      layout_cave_pools, minmay_temple_entry_enclosed_plants
D:6:      layout_loops_ring, grunt_ministairs_9
D:7:      layout_basic, gammafunk_ghost_gnarly_gnolls
D:8:      kennysheep_blocky_hall, layout_loops_ring, serial_rivers,
          chequers_serial_rivers_micro_a, chequers_serial_rivers_micro_a,
          chequers_serial_rivers_micro_d, chequers_serial_rivers_micro_e,
          chequers_serial_rivers_small_a
D:9:      layout_roguey, mainiacjoe_overflow_surrounded_room,
          lemuel_zombie_altar_kikubaaqudgha, mainiacjoe_overflow_chevrons,
          minmay_misc_feat_hallway
D:10:     layout_long_grid, gammafunk_temple_overflow_statue,
          nrook_mini_backslash, minivault_19, minmay_fire_ice_demons
D:11:     nicolae_cairo_tiling_very_big, layout_loops_cross, erik_orc_1,
          chequers_serial_rivers_large_b,
          nicolae_uskayaw_murder_on_the_dancefloor
Temple:   bh_familiar_temple
Lair:1:   layout_regular_city, infiniplex_staircase_pool, grunt_megastairs_1,
          lemuel_fruit_tree
Lair:2:   layout_chaotic_city, alex1729_swamp_entry_worm_eleionoma,
          gammafunk_ghost_icy, chequers_serial_rivers_small_a, uniq_gastronok,
          uniq_amaemon, uniq_nergalle
Lair:3:   layout_big_grid, alex1729_snake_entry_snake,
          nicolae_quartered_pool_little, wad_woods_02, uniq_josephine
Lair:4:   layout_roguey, dpeg_slime_entry_enclosed, infiniplex_staircase_pool_2
Orc:1:    layout_diamond_mine, special_room [special_room_orc], serial_shops,
          shop, basic_altar, nicolae_shop_self_help, uniq_maurice
Orc:2:    hellmonk_orc_salted, layout_caves, serial_shops, nicolae_diamond_shop,
          uniq_azrael

Skill      XL: |  1  2  3  4  5  6  7  8  9 10 11 12 13 14 |
---------------+-------------------------------------------+-----
Spellcasting   | 2 3 6 8 10 11 | 11.0
Earth Magic    | 4 5 6 7 8 10 | 10.0
Conjurations   | 1 3 4 6 8 9 10 12 | 12.0
Fighting       | 4 6 9 10 | 10.1
Alchemy        | 5 7 8 |  8.0
Evocations     | 4 5 |  5.0
Fire Magic     | 4 5 |  5.0
Armour         | 3 5 |  5.0
Dodging        | |  1.7
Stealth        | |  2.1

Action                     |  1- 3 |  4- 6 |  7- 9 | 10-12 | 13-15 || total
---------------------------+-------+-------+-------+-------+-------++-------
  Melee: Unarmed           |     4 |       |       |       |       ||     4
         Dagger            |       |     8 |       |       |       ||     8
         Short sword       |       |       |    11 |    33 |       ||    44
         Spear             |       |       |       |       |    20 ||    20
  Throw: Dart              |       |       |     9 |     2 |     1 ||    12
   Cast: Sandblast         |    55 |    93 |   109 |   162 |   149 ||   568
         Stone Arrow       |       |     1 |    29 |   127 |    99 ||   256
         Brom's Barrelling |       |       |    10 |    11 |     1 ||    22
         Olgreb's Toxic Ra |       |       |       |    36 |    83 ||   119
         Lee's Rapid Decon |       |       |       |     6 |     1 ||     7
         Ignite Poison     |       |       |       |     5 |    57 ||    62
         Orb of Destructio |       |       |       |       |    21 ||    21
  Evoke: Wand              |       |       |     2 |     2 |     4 ||     8
    Use: Scroll            |       |     1 |     1 |     7 |     6 ||    15
         Potion            |       |       |       |       |     1 ||     1
 Armour: Robe              |    34 |    46 |    23 |       |       ||   103
         Steam dragon scal |       |       |    16 |   126 |   205 ||   347
  Dodge: Dodged            |    19 |    54 |    42 |   135 |   203 ||   453

Table legend: (Time is in decaauts)
 A = Elapsed time spent in this place.
 B = Non-inter-level travel time spent in this place.
 C = Inter-level travel time spent in this place.
 D = Time resting spent in this place.
 E = Time spent auto-exploring this place.
 F = Levels seen in this place.
 G = Mean time per level.
                   A        B        C        D        E       F      G
               +--------+--------+--------+--------+--------+-----+--------+
         Total |  24243 |  23207 |   1036 |   3132 |  15451 |  18 | 1346.8 |
       Dungeon |  16435 |  15689 |    746 |   2441 |  10268 |  11 | 1494.1 |
        Temple |     70 |     11 |     59 |      0 |      0 |   1 |   70.0 |
          Lair |   4829 |   4623 |    206 |    114 |   3561 |   4 | 1207.2 |
  Orcish Mines |   2908 |   2884 |     24 |    576 |   1621 |   2 | 1454.0 |
               +--------+--------+--------+--------+--------+-----+--------+

Top non-repeatable levels by time:
    D:11: 2536 daAuts
     D:9: 2261 daAuts
     D:8: 2094 daAuts
     D:4: 1706 daAuts
   Orc:2: 1646 daAuts
  Lair:3: 1531 daAuts
    D:10: 1515 daAuts
     D:3: 1400 daAuts
     D:2: 1306 daAuts
  Lair:2: 1304 daAuts
   Orc:1: 1261 daAuts
     D:6: 1107 daAuts
  Lair:1: 1102 daAuts
     D:7: 892 daAuts
  Lair:4: 892 daAuts
